AoeStats
← Jokerball

Migration

507025406Analyzed
1v1 RM · 15d ago on Sep 16, 2026· 24m 33s· 2 players
Game mode
Random Map
Map size
132×132
Population
200
Speed
Normal
Resources
Standard
Victory
Conquest
Starting age
Dark Age
Ending age
Imperial Age
RankedLock teamsTeams togetherTeam positionsShared explorationLock speedFull tech treeHidden civsTurbo modeCheats
Victory
Defeat
🇬🇧 Japanese · United Kingdom
1244
+17
🇩🇪 Magyars · Germany
1255
-17
gytisrepsys
8:44 Loom
11:14 Feudal Age
15:00 Castle Age
13:16 Double-Bit Axe
15:41 Wheelbarrow
16:08 Medium Warships
22:04 Fletching
Jokerball
5:04 Loom
12:01 Feudal Age
15:33 Castle Age
15:23 Scale Barding Armor
16:53 Gold Mining
16:50 Double-Bit Axe
16:49 Horse Collar
18:14 Fletching
21:53 Town Watch
23:01 Wheelbarrow
Connection lost

Rejoining the realm…

Still unreachable

The connection could not be restored.

Session expired

The server has moved on; the page needs a fresh start.